Map: Beckett Industries LE

Players

MaSa - Winner!

  • Race: Terran Terran

Semper

  • Race: Terran Terran

Event: DreamHack SC2 Masters 2021 Winter

VOD

Have the link to the VOD?

Description

Time

  • Played on: Oct. 5, 2021, 6:55 p.m.
  • Length: 14:24

All games in this series

Show
View Real Time Build Order
Export as new Build Order

MaSa Terran - Winner!

Build Orders: Cyclone Opening, Mech 

Get SALT Encoding   

  12  0:00  SCV  
  13  0:12  SCV  
  14  0:17  Supply Depot  
  14  0:24  SCV  
  15  0:38  SCV  
  15  0:39  Barracks  
  16  0:43  Refinery  
  16  0:49  Refinery  
  16  0:53  SCV  
  17  1:05  SCV  
  18  1:17  SCV  
  19  1:25  Reaper  
  19  1:28  Supply Depot  
  19  1:29  Orbital Command  
  20  1:42  Factory  
  20  1:55  SCV  
  20  1:58  Reaper  
  22  2:07  SCV  
  23  2:17  Command Center  
  23  2:21  SCV  
  24  2:25  Hellion  
  26  2:30  Barracks Tech Lab  
  26  2:34  SCV  
  27  2:39  Supply Depot  
  27  2:46  SCV  
  28  2:53  Cyclone  
  28  2:58  Starport  
  31  3:00  SCV  
  32  3:05  Barracks Tech Lab  
  32  3:13  SCV  
  32  3:19  Refinery  
  33  3:25  SCV, Cyclone  
  37  3:37  SCV  
  34  3:43  Orbital Command  
  34  3:48  Raven  
  34  3:49  SCV, Refinery  
  37  4:02  SCV  
  38  4:03  Siege Tank  
  38  4:09  SCV  
  42  4:14  SCV  
  42  4:15  Factory  
  43  4:21  SCV  
  44  4:26  SCV  
  45  4:33  SCV  
  45  4:38  SCV, Raven  
  43  4:45  SCV, Siege Tank  
  49  4:47  Barracks Tech Lab  
  49  4:50  Supply Depot, SCV  
  50  4:54  Barracks Reactor  
  50  4:57  SCV  
  51  5:02  SCV  
  52  5:09  SCV  
  52  5:13  Supply Depot  
  53  5:14  SCV  
  53  5:17  Siege Tank  
  57  5:21  SCV  
  57  5:26  SCV  
  57  5:27  Siege Tank  
  60  5:33  SCV  
  60  5:35  Viking  
  63  5:38  SCV  
  63  5:39  Viking  
  66  5:46  SCV  
  66  5:48  Supply Depot  
  67  5:50  SCV  
  68  5:57  Supply Depot  
  68  5:58  SCV  
  68  6:03  SCV  
  68  6:07  Viking  
  68  6:10  SCV, Siege Tank, Viking  
  76  6:15  Command Center  
  76  6:17  Supply Depot  
  76  6:23  SCV, Siege Tank  
  76  6:24  SCV  
  81  6:37  SCV, Viking  
  84  6:40  SCV, Viking  
  84  6:43  Siege Tank  
  90  6:49  SCV  
  90  6:52  SCV  
  92  7:01  SCV  
  92  7:04  SCV  
  94  7:11  Supply Depot x2  
  94  7:21  SCV  
  93  7:25  Viking  
  93  7:26  Viking  
  95  7:37  SCV  
  92  7:43  SCV  
  89  7:44  Orbital Command  
  89  7:47  Factory  
  89  7:49  SCV  
  90  7:54  Siege Tank  
  90  7:55  Siege Tank, Viking  
  90  7:56  SCV, Viking  
  101  7:59  Starport  
  101  8:00  Engineering Bay  
  101  8:03  SCV  
  101  8:05  Refinery  
  102  8:08  SCV  
  102  8:09  Refinery  
  102  8:12  SCV  
  104  8:17  SCV  
  104  8:19  Barracks Reactor  
  103  8:20  SCV  
  103  8:24  SCV  
  103  8:25  Viking  
  103  8:26  Viking  
  109  8:30  SCV  
  109  8:32  SCV  
  111  8:35  Viking  
  111  8:36  SCV  
  111  8:40  Siege Tank  
  114  8:42  SCV  
  114  8:45  SCV, Siege Tank  
  120  8:48  SCV  
  120  8:54  SCV  
  120  8:55  Viking, Command Center  
  121  8:57  SCV  
  121  9:00  Viking  
  124  9:07  SCV  
  124  9:09  Factory Tech Lab  
  125  9:10  Supply Depot  
  125  9:11  Supply Depot  
  125  9:18  Supply Depot x2  
  125  9:20  Armory  
  125  9:21  Armory  
  125  9:31  SCV x3, Viking x2  
  125  9:32  Siege Tank, Viking x2  
  139  9:39  Supply Depot  
  139  9:41  Supply Depot  
  131  9:52  SCV x2  
  129  9:53  SCV  
  129  9:55  Siege Tank x2  
  129  9:59  Supply Depot  
  136  10:01  Viking x2  
  136  10:02  Viking  
  136  10:04  SCV  
  143  10:07  Viking  
  143  10:09  SCV  
  146  10:15  Siege Tank  
  146  10:21  Refinery  
  148  10:22  Refinery  
  143  10:31  Viking x2  
  143  10:34  SCV, Viking  
  143  10:35  Orbital Command  
  146  10:37  Viking  
  145  10:45  SCV  
  143  10:54  SCV  
  143  10:55  Planetary Fortress  
  136  11:01  Viking x2  
  138  11:04  SCV x2  
  138  11:06  SCV  
  129  11:15  Siege Tank  
  129  11:16  Siege Tank  
  129  11:26  Siege Tank  
  129  11:28  Viking  
  129  11:29  Viking  
  123  11:35  Refinery  
  123  11:36  Viking  
  123  11:37  Viking  
  123  11:39  SCV x2  
  126  11:41  Command Center  
  122  11:57  SCV  
  122  11:58  Viking  
  122  11:59  Viking  
  122  12:00  Siege Tank  
  130  12:04  Factory  
  130  12:05  SCV x2  
  130  12:06  Viking  
  130  12:07  Supply Depot  
  131  12:09  Supply Depot x2  
  131  12:12  Command Center  
  131  12:14  Siege Tank x2  
  137  12:16  Viking  
  137  12:20  SCV x2  
  141  12:34  Siege Tank, Viking x2  
  148  12:38  SCV  
  142  12:46  Siege Tank  
  142  12:50  Siege Tank  
  139  12:54  Factory Reactor  
  137  13:03  Supply Depot  
  137  13:04  Supply Depot, Sensor Tower  
  137  13:06  Siege Tank  
  133  13:15  SCV  
  133  13:18  Siege Tank  
  131  13:22  Hellion, SCV  
  131  13:24  SCV  
  131  13:26  SCV  
  120  13:28  SCV  
  120  13:33  Orbital Command  
  119  13:34  SCV  
  119  13:36  SCV, Planetary Fortress  
  119  13:37  Viking x2  
  122  13:45  Viking x2  
  122  13:47  Hellion x2, SCV, Siege Tank x2  
  127  13:55  SCV x2  
  127  13:59  Refinery  
  127  14:01  Refinery  
Show
View Real Time Build Order
Export as new Build Order

Semper Terran 

Build Orders:  

Get SALT Encoding   

  12  0:00  SCV  
  13  0:12  SCV  
  14  0:17  Supply Depot  
  14  0:24  SCV  
  15  0:38  SCV  
  15  0:40  Barracks  
  16  0:44  Refinery  
  16  0:50  SCV  
  16  0:52  Refinery  
  17  1:03  SCV  
  18  1:15  SCV  
  19  1:28  Barracks Reactor, Orbital Command  
  19  1:29  Supply Depot  
  19  1:40  Factory  
  19  1:53  SCV  
  20  2:04  Reaper x2  
  20  2:05  SCV  
  23  2:10  Supply Depot  
  23  2:17  SCV  
  24  2:24  Hellion  
  26  2:30  SCV  
  26  2:36  Reaper x2  
  29  2:46  Hellion  
  29  2:48  Command Center  
  29  2:51  SCV  
  32  3:00  Starport  
  32  3:03  SCV  
  33  3:10  Marine x2  
  35  3:13  Factory Tech Lab  
  35  3:17  Supply Depot  
  35  3:20  SCV  
  32  3:40  SCV, Marine  
  32  3:41  Marine  
  30  3:48  Factory Tech Lab  
  30  3:51  Raven  
  30  3:52  SCV  
  33  3:58  Marine x2  
  33  4:01  Orbital Command  
  35  4:05  Refinery  
  35  4:06  SCV  
  35  4:07  Cyclone  
  39  4:16  Marine x2  
  41  4:18  SCV  
  41  4:27  SCV  
  41  4:30  SCV  
  40  4:36  Marine x2  
  40  4:39  SCV  
  40  4:42  Raven  
  41  4:48  SCV  
  41  4:51  SCV  
  43  4:56  Siege Tank  
  46  5:00  SCV, Marine  
  46  5:02  Marine  
  49  5:09  SCV  
  49  5:12  Supply Depot, SCV  
  51  5:21  SCV  
  51  5:24  SCV  
  53  5:30  Command Center  
  53  5:32  Siege Tank  
  53  5:33  SCV  
  57  5:36  SCV  
  57  5:40  Viking  
  60  5:45  Viking  
  60  5:49  SCV  
  63  5:54  SCV  
  64  6:05  Siege Tank  
  64  6:07  SCV  
  64  6:09  SCV  
  64  6:10  Viking  
  68  6:15  Supply Depot, Refinery, Viking  
  70  6:23  SCV  
  70  6:31  Stimpack  
  70  6:32  Barracks x2  
  70  6:36  Marine  
  70  6:37  SCV x2  
  70  6:39  Siege Tank  
  76  6:44  Orbital Command  
  76  6:49  SCV, Engineering Bay  
  76  6:50  Engineering Bay  
  76  6:52  SCV  
  76  7:03  SCV  
  76  7:08  Viking x2  
  81  7:09  SCV  
  81  7:11  Siege Tank  
  85  7:21  SCV  
  79  7:38  Viking x2  
  79  7:42  SCV  
  79  7:43  Siege Tank  
  83  7:47  Marauder, Barracks Reactor, Barracks Tech Lab  
  83  7:50  SCV  
  82  7:51  Terran Infantry Weapons Level 1  
  82  7:54  SCV, Barracks x2  
  83  8:02  SCV  
  83  8:04  Refinery  
  84  8:06  SCV, Refinery  
  84  8:08  Orbital Command  
  84  8:09  Marauder, Viking x2  
  91  8:14  SCV  
  92  8:23  SCV  
  93  8:32  Siege Tank  
  93  8:36  Marine x2  
  93  8:37  Marauder x2  
  88  8:45  Viking  
  88  8:46  SCV x2  
  90  8:53  SCV  
  90  8:54  Marine x2  
  93  9:03  Barracks Tech Lab  
  93  9:04  SCV x2, Siege Tank  
  93  9:05  Barracks Reactor  
  93  9:09  Liberator  
  98  9:17  SCV  
  98  9:20  SCV  
  98  9:26  Orbital Command  
  98  9:30  Marauder, Marine  
  101  9:41  Marine x2  
  101  9:42  Supply Depot  
  101  9:44  SCV, Siege Tank, Marine  
  104  9:48  Marine  
  104  9:50  Viking  
  104  9:52  SCV  
  102  9:54  SCV  
  102  9:56  SCV, Marine  
  102  9:58  Marine  
  102  9:59  Marine x2  
  108  10:04  SCV  
  106  10:08  Marine  
  106  10:10  Viking, Marine  
  106  10:12  SCV  
  111  10:15  Marine x2  
  111  10:16  Marine  
  111  10:17  Marine  
  115  10:26  SCV, Command Center  
  108  10:37  SCV  
  108  10:39  Siege Tank  
  108  10:42  SCV  
  111  10:48  SCV  
  112  10:51  Combat Shield  
  112  10:52  SCV  
  112  10:57  Supply Depot x2  
  113  11:01  SCV x2  
  110  11:04  Refinery x2  
  110  11:07  Viking x2  
  110  11:09  SCV  
  114  11:13  SCV  
  114  11:14  SCV  
  112  11:22  SCV  
  101  11:26  Marine x4  
  101  11:27  Marauder, Marine  
  99  11:35  SCV  
  99  11:37  Viking x2  
  103  11:43  Siege Tank  
  106  11:52  SCV  
  102  12:01  Marine  
  102  12:02  Marauder, Marine x5  
  102  12:05  Orbital Command  
  102  12:07  SCV x2, Viking  
  114  12:13  Viking  
  113  12:15  Siege Tank  
  113  12:16  Concussive Shells  
  113  12:19  Marine x3  
  113  12:21  Terran Infantry Armor Level 1, Armory  
  116  12:34  Marine x4  
  120  12:37  Marine x2  
  122  12:47  Siege Tank  
  122  12:48  Medivac x2  
  115  12:53  Marauder  
  115  12:56  Marine x5  
  115  12:57  Marauder  
  122  13:00  SCV x2  
  121  13:13  Marine  
  121  13:14  Marine x4  
  121  13:15  Marauder  
  121  13:18  SCV, Marine  
  128  13:20  Siege Tank  
  119  13:30  SCV  
  119  13:31  Marine x2  
  119  13:32  Marine x3  
  118  13:35  Marine  
  118  13:36  Marauder  
  118  13:38  SCV  
  101  13:49  SCV, Marine x2  
  101  13:50  SCV x3, Marine x3  
  101  13:52  Siege Tank  
  101  13:53  Marine  
  114  13:57  Marine  

Tags
 
Add a new tag
Caveats
  • Supply blocks, unpowered buildings, or Contaminate may cause inaccurate times.
  • Supply counts are checked every 10 seconds.